 Dungeon Crawl Stone Soup version 0.29-a0-222-g5b244fca1f (webtiles) character file.

Game seed: 4288162848233757021

25 Hasart the Bolt Thrower (level 2, -7/24 HPs)
             Began as a Demigod Hunter on Feb 27, 2022.
             Mangled by a gnoll
             ... wielding a +0 flail
              (8 damage)
             ... on level 1 of the Dungeon.
             The game lasted 00:01:06 (464 turns).

Hasart the Bolt Thrower (Demigod Hunter)             Turns: 464, Time: 00:01:07

Health: -7/24      AC:  3    Str: 13    XL:     2   Next: 66%
Magic:  4/4        EV: 12    Int: 13    God:
Gold:   0          SH:  0    Dex: 14    Spells: 1/1 levels left

rFire   . . .      SeeInvis .   a - +1 hand crossbow
rCold   . . .      Faith    .   (no shield)
rNeg    . . .      Spirit   .   b - +0 leather armour
rPois   .          Reflect  .   (no helmet)
rElec   .          Harm     .   (no cloak)
rCorr   .          Rampage  .   (no gloves)
Will    .....                   (no boots)
Stlth   ++........              (no amulet)
HPRegen 0.08/turn               (no ring)
MPRegen 0.09/turn               (no ring)

@: no status effects
A: high MP 1, forlorn, divine attributes
a: no special abilities


You were on level 1 of the Dungeon.
You visited 1 branch of the dungeon, and saw 1 of its levels.

Inventory:

Hand Weapons
 a - a +1 hand crossbow (weapon)
Armour
 b - a +0 leather armour (worn)
Scrolls
 c - 2 scrolls of identify {unknown}
 d - a scroll of immolation {unknown}
Potions
 e - 2 potions of heal wounds {unknown}


   Skills:
 + Level 2.1 Fighting
 * Level 4.0 Crossbows
 + Level 2.1 Dodging
 + Level 1.4 Stealth


You had one spell level left.
You didn't know any spells.
Your spell library was empty.

Dungeon Overview and Level Annotations

Branches:
Dungeon (1/15)


Innate Abilities, Weirdness & Mutations

You have an increased reservoir of magic. (+10% MP)
You shall have no god before yourself.
Your divine heritage dramatically boosts your attributes as you level up.


Message History

Shoot: a) +1 hand crossbow
Press: ? - help, Q - select action Shift-Dir - straight line, f/p - gnoll
Aim: a gnoll, wielding a +0 flail (lightly wounded, 68% to hit)
You shoot a bolt. The bolt hits the gnoll.
The gnoll is heavily wounded.
The gnoll closely misses you.
Shoot: a) +1 hand crossbow
Press: ? - help, Q - select action Shift-Dir - straight line, f/p - gnoll
Aim: a gnoll, wielding a +0 flail (heavily wounded, 68% to hit)
You shoot a bolt. The bolt barely misses the gnoll.
A nearby plant withers and dies.
The gnoll hits you with a +0 flail.
* * * LOW HITPOINT WARNING * * *
Shoot: a) +1 hand crossbow
Press: ? - help, Q - select action Shift-Dir - straight line, f/p - gnoll
Aim: a gnoll, wielding a +0 flail (heavily wounded, 68% to hit)
You shoot a bolt. The bolt hits the gnoll.
The gnoll is heavily wounded.
A bat comes into view.
The gnoll misses you. The gnoll closely misses you.
The bat moves out of view.
Shoot: a) +1 hand crossbow
Press: ? - help, Q - select action Shift-Dir - straight line, f/p - gnoll
Aim: a gnoll, wielding a +0 flail (heavily wounded, 68% to hit)
You shoot a bolt. The bolt barely misses the gnoll.
The bolt barely misses the quokka.
The gnoll barely misses you.
Unknown command.
Shoot: a) +1 hand crossbow
Press: ? - help, Q - select action Shift-Dir - straight line, f/p - gnoll
Aim: a gnoll, wielding a +0 flail (heavily wounded, 68% to hit)
You shoot a bolt. The bolt hits the gnoll.
The gnoll is heavily wounded.
The gnoll barely misses you.
Unknown command.
Shoot: a) +1 hand crossbow
Press: ? - help, Q - select action Shift-Dir - straight line, f/p - gnoll
Aim: a gnoll, wielding a +0 flail (heavily wounded, 68% to hit)
You shoot a bolt. The bolt barely misses the gnoll.
The bolt closely misses the quokka.
The gnoll hits you with a +0 flail!
You die...

.....#........#.....
#................)..
#.##..........)..###
#>..................
#.####.#.#######.###
#.### #.# ####.# #.#
#....# #.# #@####
#.# #g# #..


PP.PPr.r.# .. PP.......# P..P.....# P....P.### P.P..P. .P..PP. ..PPP.. You could
see a gnoll and a quokka.

Vanquished Creatures
  A dart slug (D:1)
  2 endoplasms (D:1)
  A giant cockroach (D:1)
  2 goblins (D:1)
  A hobgoblin (D:1)
  4 jackals (D:1)
  A ball python (D:1)
  4 bats (D:1)
  2 frilled lizards (D:1)
  3 kobolds (D:1)
21 creatures vanquished.

Vanquished Creatures (others)
  6 plants (D:1)
6 creatures vanquished.

Grand Total: 27 creatures vanquished

Notes
Turn   | Place    | Note
-------+----------+-------------------------------------------
     0 | D:1      | Hasart the Demigod Hunter began the quest for the Orb.
     0 | D:1      | Reached XP level 1. HP: 17/17 MP: 3/3
    31 | D:1      | Reached skill level 1 in Stealth
   235 | D:1      | Reached XP level 2. HP: 24/24 MP: 4/4
   439 | D:1      | Reached skill level 4 in Crossbows
   460 | D:1      | HP: 1/24 [gnoll/+0 flail (4)]
   464 | D:1      | Mangled by a gnoll

Illustrated notes

Levels and vault maps discovered:
D:1:      minmay_arrival_diagonal_passages, layout_basic,
          chequers_ecumenical_altar_simple_redux, nicolae_grassy_gnolls

Skill      XL: |  1  2 |
---------------+-------+-----
Stealth        | 1 |  1.4
Fighting       | 2 |  2.1
Dodging        | 2 |  2.1
Crossbows      | 4 |  4.0

Action                   || total
-------------------------++-------
 Fire: Hand crossbow     ||    71
Armor: Leather armour    ||    14
Dodge: Dodged            ||    28

Table legend: (Time is in decaauts)
 A = Elapsed time spent in this place.
 B = Non-inter-level travel time spent in this place.
 C = Inter-level travel time spent in this place.
 D = Time resting spent in this place.
 E = Time spent auto-exploring this place.
 F = Levels seen in this place.
 G = Mean time per level.
                   A        B        C        D        E       F      G
               +--------+--------+--------+--------+--------+-----+--------+
         Total |    488 |    488 |      0 |      0 |    363 |   1 |  488.0 |
       Dungeon |    488 |    488 |      0 |      0 |    363 |   1 |  488.0 |
               +--------+--------+--------+--------+--------+-----+--------+

Top non-repeatable levels by time:
     D:1: 488 daAuts
